 Dungeon Crawl Stone Soup version 0.26-a0-812-g31a745ddcd (webtiles) character file.

Game seed: 14624810478135879934

2529 kae the Martial Artist (level 9, -2/63 HPs)
             Began as a Tengu Transmuter on Nov 18, 2020.
             Was a Follower of Hepliaklqana.
             Slain by a hornet (8 damage)
             ... on level 7 of the Dungeon.
             The game lasted 00:06:29 (10414 turns).

kae the Martial Artist (Tengu Transmuter)          Turns: 10414, Time: 00:06:29

Health: -2/63      AC: 24    Str: 13    XL:     9   Next: 54%
Magic:  11/14      EV:  2    Int: 14    God:    Hepliaklqana [*.....]
Gold:   405        SH:  0    Dex: 15    Spells: 10/14 levels left

rFire    . . .     SeeInvis .     - Unarmed
rCold    . . .     Faith    .   (no shield)
rNeg     + + +     Spirit   .   (armour currently unavailable)
rPois    +         Reflect  .   (helmet currently unavailable)
rElec    .         Harm     .   (cloak currently unavailable)
rCorr    +         Rampage  .   (gloves currently unavailable)
MR       .....     NoTele   +   (boots unavailable)
Stlth    ++........             (no amulet)
HPRegen  0.20/turn              j - ring of resist corrosion
MPRegen  0.14/turn              q - ring of stealth

@: lethally poisoned (-2 -> -9), tree-form, slowed, very slow
A: reduced essence, able to fly
a: Stop Flying, Recall Ancestor, Ancestor Identity, Renounce Religion


You were on level 7 of the Dungeon.
You worshipped Hepliaklqana.
Hepliaklqana was aware of your devotion.
You were a tree.
You visited 1 branch of the dungeon, and saw 7 of its levels.
You also visited: Ossuary.

You collected 405 gold pieces.

Inventory:

Armour
 a - a +0 robe (melded)
 n - a +0 pair of gloves (melded)
 p - a +1 cloak (melded)
Jewellery
 j - a ring of resist corrosion (left branch)
 q - a ring of stealth (right branch)
 B - an uncursed ring of stealth
Wands
 l - a wand of acid (9)
 o - a wand of iceblast (7)
 r - a wand of flame (36)
 t - a wand of random effects (12)
Scrolls
 b - 6 scrolls of teleportation
 d - 5 scrolls of remove curse
 i - 3 scrolls of identify
 w - a scroll of amnesia
 y - a scroll of summoning {unknown}
 z - a scroll of random uselessness {unknown}
 A - a scroll of blinking
Potions
 c - 2 potions of magic
 e - 3 potions of might
 f - 3 potions of lignification
 g - 2 potions of heal wounds
 h - 2 potions of degeneration {unknown}
 k - a potion of curing {unknown}
 m - 2 potions of mutation {unknown}
 s - a potion of ambrosia {unknown}
 u - a potion of resistance {unknown}
 v - a potion of brilliance {unknown}
 x - 4 potions of attraction {unknown}


   Skills:
 - Level 1.0 Fighting
 - Level 2.1 Dodging
 + Level 8.4 Unarmed Combat
 - Level 3.0 Spellcasting
 * Level 8.2 Transmutations
 - Level 3.0 Poison Magic


You had 10 spell levels left.
You knew the following spells:

 Your Spells              Type           Power        Failure   Level
a - Beastly Appendage     Tmut           ####..       1%          1
b - Spider Form           Tmut/Pois      ###.......   6%          3

Your spell library contained the following spells:

 Spells                   Type           Power        Failure   Level
 Wereblood                Tmut           ####....     1%          2
 Blade Hands              Tmut           ####......   21%         5
 Ice Form                 Ice/Tmut       ##......     36%         4


Dungeon Overview and Level Annotations

Branches:
Dungeon (7/15)             Temple (0/1) D:7         Ossuary (visited)

Altars:
Ashenzari
Cheibriados
Elyvilon
Fedhas
Gozag
Hepliaklqana
Okawaru
Sif Muna


Innate Abilities, Weirdness & Mutations

((You have a beak for a mouth.))
((You have claws for feet.))
You can fly continuously.
Your life essence is reduced to manifest your ancestor. (-10% HP)


Message History

The hornet stings you but does no damage.
You closely miss the hornet.
The hornet is moderately wounded.
You feel sick. The hornet stings you!
* * * LOW HITPOINT WARNING * * *
Publius hits the hornet.
The hornet stings you but does no damage.
You hit the hornet.
The hornet is heavily wounded.
You feel yourself speed up.
You feel sick. The hornet stings you.
* * * LOW HITPOINT WARNING * * *
You feel yourself slow down.
Publius closely misses the hornet.
The hornet stings you but does no damage.
Publius barely misses the hornet.
You barely miss the hornet.
The hornet is heavily wounded.
* * * LOW HITPOINT WARNING * * *
You feel sick. The hornet stings you!
You die...

. ###... #. #....
..##.#.# .#....# .....
... #.# ########
###y#######......#
#.R.♣........###.#
#.#.##########.# #.#
#.#.# #.# #.# #.#.# #.#
#R#### #.#.# #.# #.##..
#.#.# #R# #..... #.#.#
######.######.#
#.#R#####.............#
#..R......####.########


You could see the friendly Publius the ancestor and a hornet.

Vanquished Creatures
  Sigmund (D:3)
  2 orc warriors (D:6)
  An ice beast (D:5)
  A phantom (D:6)
  3 ogres
  2 bullfrogs
  2 scorpions
  A howler monkey (D:5)
  2 centaur zombies (Ossuary)
  A bullfrog skeleton (D:6)
  A jelly (D:5)
  3 hounds
  2 orc priests
  6 orc wizards
  2 centaur skeletons
  Ijyb (D:3)
  An iguana (D:6)
  7 worker ants
  2 ogre zombies (Ossuary)
  2 hound skeletons
  5 mummies (Ossuary)
  A worker ant zombie (D:5)
  Robin (D:3)
  6 adders
  3 gnolls (D:6)
  3 shadow imps
  An ufetubus (D:6)
  An adder skeleton (D:5)
  5 adder zombies
  A worm (D:2)
  A dart slug (D:1)
  3 leopard geckos
  28 orcs
  3 giant cockroaches
  16 goblins
  4 hobgoblins
  8 jackals
  7 kobolds
  A quokka (D:3)
  A ball python (D:2)
  10 bats
  3 frilled lizards
  5 goblin zombies
  4 hobgoblin zombies (Ossuary)
  2 jackal skeletons (D:4)
  6 kobold zombies (Ossuary)
  5 quokka zombies
  2 rats
  4 rat zombies (Ossuary)
183 creatures vanquished.

Vanquished Creatures (collateral kills)
  A sky beast (D:6)
  An ogre (D:7)
  A wight (D:6)
  A hound (D:6)
  2 orc wizards (D:6)
  A worker ant (D:6)
  An ogre zombie (Ossuary)
  2 mummies (Ossuary)
  2 orcs (D:6)
  A jackal (D:6)
13 creatures vanquished.

Vanquished Creatures (others)
  2 ancestors (Ossuary)
  An orc (D:6)
  10 fungi (D:3)
  4 plants (D:3)
17 creatures vanquished.

Grand Total: 213 creatures vanquished

Notes
Turn   | Place    | Note
-------+----------+-------------------------------------------
     0 | D:1      | kae the Tengu Transmuter began the quest for the Orb.
     0 | D:1      | Reached XP level 1. HP: 12/12 MP: 4/4
   449 | D:1      | Reached XP level 2. HP: 13/16 MP: 4/6
  1062 | D:2      | Found a broken altar of Ashenzari.
  1071 | D:2      | Found a faded altar of an unknown god.
  1175 | D:2      | Reached XP level 3. HP: 17/20 MP: 7/7
  1180 | D:2      | Learned a level 3 spell: Spider Form
  2246 | D:3      | Noticed Sigmund
  2600 | D:3      | Reached XP level 4. HP: 25/25 MP: 8/8
  2611 | D:3      | Noticed Robin
  3028 | D:3      | Found a blossoming altar of Fedhas.
  3038 | D:3      | Noticed Ijyb
  3181 | D:3      | Noticed a bullfrog
  3194 | D:3      | Killed a bullfrog
  3194 | D:3      | Reached skill level 1 in Poison Magic
  3194 | D:3      | Gained mutation: You can fly continuously. [Tengu growth]
  3194 | D:3      | Reached XP level 5. HP: 8/29 MP: 6/9
  3641 | D:3      | Killed Sigmund
  3641 | D:3      | Reached skill level 5 in Unarmed Combat
  3641 | D:3      | Reached XP level 6. HP: 25/34 MP: 6/10
  3769 | D:3      | Killed Ijyb
  3861 | D:3      | Found a blossoming altar of Fedhas.
  3880 | D:3      | Killed Robin
  4582 | D:4      | Found the +9 heavy crossbow "Sniper" {vorpal, Acc+∞ SInv}
  4787 | D:4      | Reached XP level 7. HP: 24/38 MP: 8/11
  5679 | D:4      | Reached skill level 5 in Transmutations
  6474 | D:5      | Entered Level 5 of the Dungeon
  6739 | D:5      | Reached XP level 8. HP: 38/43 MP: 13/13
  6907 | D:5      | Found an opulent altar of Gozag.
  8077 | D:6      | Found a white marble altar of Elyvilon.
  8078 | D:6      | Found a shimmering blue altar of Sif Muna.
  8080 | D:6      | Found a snail-covered altar of Cheibriados.
  8082 | D:6      | Found an iron altar of Okawaru.
  8082 | D:6      | Found a hazy altar of Hepliaklqana.
  8096 | D:6      | Became a worshipper of Hepliaklqana the Forgotten
  8783 | D:6      | Reached XP level 9. HP: 37/42 MP: 10/14
  9290 | D:7      | Found a staircase to the Ecumenical Temple.
  9320 | D:7      | Found a sand-covered staircase.
  9328 | Ossuary  | Entered an ossuary
 10293 | D:7      | Reached * piety under Hepliaklqana
 10402 | D:7      | Noticed a hornet
 10414 | D:7      | Slain by a hornet

Illustrated notes

Levels and vault maps discovered:
D:1:      doesnt_arrival_eight_statues, layout_rooms, serial_curves,
          eino_curves_01, eino_curves_02, solitary_fountain
D:2:      layout_basic, overflow_temple_1_default,
          chequers_ecumenical_altar_simple_redux
D:3:      layout_basic, fedhas_altar_3, uniq_sigmund, uniq_ijyb, uniq_robin
D:4:      minmay_clustersquares, layout_gridville, minivault_24,
          serial_park_tiny_pond
D:5:      layout_loops_ring, columned_hall_lemuel, nicolae_gozag_seed_capital
D:6:      layout_rooms, grunt_temple_overflow_open, chequers_hall_statues_y,
          minmay_checkerbox
D:7:      layout_loops_ring, overflow_temple_1_default,
          minmay_temple_entry_overgrown, enter_ossuary_4,
          minmay_misc_feat_enclosed

Skill      XL: |  1  2  3  4  5  6  7  8  9 |
---------------+----------------------------+-----
Transmutations | 2 3 4 5 7 8 |  8.2
Unarmed Combat | 4 5 6 7 8 |  8.4
Poison Magic   | 1 2 3 |  3.0
Spellcasting   | 3 |  3.0
Fighting       | |  1.0
Dodging        | |  2.1

Action                   |  1- 3 |  4- 6 |  7- 9 || total
-------------------------+-------+-------+-------++-------
Melee: Unarmed           |    93 |    77 |   399 ||   569
       Peck              |    12 |     4 |    15 ||    31
       Kick              |    18 |     7 |    31 ||    56
       Headbutt          |     5 |     2 |     2 ||     9
       Punch             |     2 |       |     9 ||    11
 Cast: Beastly Appendage |    23 |     4 |     3 ||    30
       Spider Form       |       |     8 |    44 ||    52
Invok: Recall Ancestor   |       |       |     3 ||     3
 Abil: Fly               |       |     1 |       ||     1
Evoke: Wand              |       |       |     2 ||     2
  Use: Scroll            |       |       |    11 ||    11
       Potion            |       |       |     2 ||     2
 Stab: Sleeping          |     3 |     1 |     7 ||    11
       Distracted        |       |       |     1 ||     1
Armor: Robe              |    26 |     1 |    14 ||    41
       Skin              |       |     2 |    15 ||    17
Dodge: Dodged            |    64 |    53 |   298 ||   415

Table legend: (Time is in decaauts)
 A = Elapsed time spent in this place.
 B = Non-inter-level travel time spent in this place.
 C = Inter-level travel time spent in this place.
 D = Time resting spent in this place.
 E = Time spent auto-exploring this place.
 F = Levels seen in this place.
 G = Mean time per level.
                   A        B        C        D        E       F      G
               +--------+--------+--------+--------+--------+-----+--------+
         Total |  10038 |   9892 |    146 |    574 |   7919 |   8 | 1254.8 |
       Dungeon |   9230 |   9084 |    146 |    439 |   7446 |   7 | 1318.6 |
       Ossuary |    808 |    808 |      0 |    135 |    473 |   1 |  808.0 |
               +--------+--------+--------+--------+--------+-----+--------+

Top non-repeatable levels by time:
     D:3: 2328 daAuts
     D:4: 1834 daAuts
     D:5: 1430 daAuts
     D:6: 1213 daAuts
     D:1: 1172 daAuts
     D:2: 970 daAuts
 Ossuary: 808 daAuts
     D:7: 281 daAuts
